 Dungeon Crawl Stone Soup version 0.30-a0-553-g7fabdf1491 (webtiles) character file.

Game seed: 2381168252587211533

9 oldriver the Charlatan (level 2, -1/22 HPs)
             Began as a Naga Artificer on Dec 26, 2022.
             Slain by an adder (2 damage)
             ... on level 2 of the Dungeon.
             The game lasted 00:00:30 (880 turns).

oldriver the Charlatan (Naga Artificer)              Turns: 880, Time: 00:00:31

Health: -1/22      AC:  4    Str: 14    XL:     2   Next: 16%
Magic:  2/2        EV:  9    Int: 11    God:
Gold:   69         SH:  0    Dex: 11    Spells: 1/1 levels left

rFire   . . .      SeeInvis +    a - +0 club
rCold   . . .      Faith    .    (no shield)
rNeg    . . .      Spirit   .    b - +0 leather armour
rPois   +          Reflect  .    (no helmet)
rElec   .          Harm     .    (no cloak)
rCorr   .          Rampage  .    (no gloves)
Will    .....                    (no barding)
Stlth   ++                       (no amulet)
HPRegen 0.23/turn                (no ring)
MPRegen 0.08/turn                (no ring)

@: lethally poisoned (-1 -> -4), hasted, quick
A: AC +0, large, see invisible, deformed body, poison resistance, slowness 2,
spit poison 2, naga tail 1, iridescent scales 1, frail 1
a: Breathe Poison Gas


You were on level 2 of the Dungeon.
You visited 1 branch of the dungeon, and saw 2 of its levels.

You collected 69 gold pieces.

Inventory:

Hand Weapons
 a - a +0 club (weapon)
Armour
 b - a +0 leather armour (worn)
Jewellery
 j - a +6 ring of strength
Wands
 c - a wand of flame (15)
 d - a wand of charming (15)
 e - a wand of iceblast (5)
Scrolls
 h - a scroll of blinking {unknown}
 i - 2 scrolls of teleportation {unknown}


   Skills:
 + Level 1.6 Fighting
 - Level 1.5 Armour
 - Level 0.7 Dodging
 + Level 2.6 Stealth
 - Level 3.0 Evocations


You had one spell level left.
You didn't know any spells.
Your spell library was empty.

Dungeon Overview and Level Annotations

Branches:
Dungeon (2/15)

Altars:


Innate Abilities, Weirdness & Mutations

Your serpentine skin is tough. (AC +0)
You have supernaturally acute eyesight. (SInv)
Armour fits poorly on your strangely shaped body.
Your system is resistant to poisons. (rPois)
You cover ground very slowly.
You can exhale a cloud of poison.
You have a snake-like lower body.
You are partially covered in iridescent scales. (AC +2)
You are frail. (-10% HP)


Message History

The splash of poison hits the adder.
The adder is poisoned.
The adder is moderately wounded.
The adder hisses angrily.
You can't do that yet.
You barely miss the adder.
The adder is heavily wounded.
The adder bites you.
You are poisoned.
The adder poisons you! The adder closely misses you.
You closely miss the adder.
The adder is heavily wounded.
You feel very sick. The adder bites you.
You are more poisoned.
The adder poisons you! The adder barely misses you.
You hit the adder but do no damage.
The adder is heavily wounded.
You feel very sick. The adder closely misses you.
You miss the adder.
The adder is heavily wounded.
You have got your breath back.
You feel sick. The adder bites you. x2
You closely miss the adder.
The adder is severely wounded.
You feel sick. The adder bites you.
* * * LOW HITPOINT WARNING * * *
The adder bites you.
* * * LOW HITPOINT WARNING * * *
Okay, then.
It was a potion of haste.
You feel yourself speed up.
* * * LOW HITPOINT WARNING * * *
You feel sick.
The adder looks more healthy.
The adder completely misses you.
It was a potion of mutation.
You feel extremely strange.
Iridescent scales grow over part of your body.
You feel frail.
There is a nasty taste in your mouth for a moment.
* * * LOW HITPOINT WARNING * * *
You feel sick. The adder bites you.
You die...

#.# #.# #.######
#....... ########
#....... #.....##
...##############.###.#
......S@.........>....#
...##############.#####
#.# #.# #.# #.# #.# #.#


You could see an adder.

Vanquished Creatures
  A giant cockroach (D:1)
  2 goblins (D:1)
  A kobold (D:1)
  A quokka (D:1)
  A ball python (D:1)
  2 frilled lizards (D:1)
  A rat (D:1)
9 creatures vanquished.

Notes
Turn   | Place    | Note
-------+----------+-------------------------------------------
     0 | D:1      | oldriver the Naga Artificer began the quest for the Orb.
     0 | D:1      | Reached XP level 1. HP: 18/18 MP: 1/1
   379 | D:1      | Reached XP level 2. HP: 25/25 MP: 2/2
   879 | D:2      | HP: 1/25 [poisoned by an adder]
   880 | D:2      | Gained mutation: You are partially covered in iridescent
                  | scales. (AC +2) [potion of mutation]
   880 | D:2      | Gained mutation: You are frail. (-10% HP) [potion of
                  | mutation]
   880 | D:2      | Gained mutation: You can exhale a cloud of poison. [potion
                  | of mutation]
   880 | D:2      | Slain by an adder

Illustrated notes

Levels and vault maps discovered:
D:1:      roderic_crop_circles_arrival_small, layout_loops_corners,
          serial_park_tiny_1, nrook_campfire
D:2:      layout_basic, basic_altar, minmay_pentomino_x4

Skill      XL: |  1 |
---------------+----+-----
Stealth        | 2 |  2.6
Fighting       | |  1.6
Armour         | |  1.5
Dodging        | |  0.7
Evocations     | |  3.0

Action                   || total
-------------------------++-------
Melee: Club              ||    20
 Abil: Spit Poison       ||     9
  Use: Potion            ||     2
Armor: Leather armour    ||     7
Dodge: Dodged            ||    10

Table legend: (Time is in decaauts)
 A = Elapsed time spent in this place.
 B = Non-inter-level travel time spent in this place.
 C = Inter-level travel time spent in this place.
 D = Time resting spent in this place.
 E = Time spent auto-exploring this place.
 F = Levels seen in this place.
 G = Mean time per level.
                   A        B        C        D        E       F      G
               +--------+--------+--------+--------+--------+-----+--------+
         Total |   1200 |   1195 |      5 |      0 |   1085 |   2 |  600.0 |
       Dungeon |   1200 |   1195 |      5 |      0 |   1085 |   2 |  600.0 |
               +--------+--------+--------+--------+--------+-----+--------+

Top non-repeatable levels by time:
     D:1: 1118 daAuts
     D:2: 81 daAuts
